 Dungeon Crawl Stone Soup version 0.22.1-2-g9c5b331383 (webtiles) character file.

54 H0rd4k the Charlatan (level 4, 0/33 HPs)
             Began as a Human Artificer on Dec 14, 2018.
             Slain by a rat (2 damage)
             ... on level 2 of the Dungeon.
             The game lasted 00:02:47 (1720 turns).

H0rd4k the Charlatan (Human Artificer)              Turns: 1720, Time: 00:02:47

Health: 0/33       AC:  3    Str: 12    XL:     4   Next: 12%
Magic:  6/6        EV: 12    Int: 12    God:
Gold:   231        SH:  0    Dex: 14    Spells: 3/3 levels left

rFire    . . .     SeeInvis .   a - +0 short sword
rCold    . . .     Gourm    .   (no shield)
rNeg     . . .     Faith    .   b - +0 leather armour
rPois    .         Spirit   .   (no helmet)
rElec    .         Reflect  .   (no cloak)
rCorr    .         Harm     .   (no gloves)
MR       .....                  (no boots)
Stlth    +.........             (no amulet)
HPRegen  0.11/turn              (no ring)
MPRegen  0.10/turn              (no ring)

@: confused
A: no striking features
a: no special abilities


You were on level 2 of the Dungeon.
You were hungry.

You visited 1 branch of the dungeon, and saw 2 of its levels.

You collected 231 gold pieces.

Inventory:

Hand Weapons
 a - a +0 short sword (weapon)
 r - a +0 hunting sling
Missiles
 l - 20 sling bullets
 s - 21 arrows
Armour
 b - a +0 leather armour (worn)
 h - a +0 pair of gloves
 u - a +0 helmet
Jewellery
 m - a +4 ring of intelligence {unknown}
 n - a +2 amulet of reflection {unknown}
 t - an uncursed ring of protection from cold {unknown}
Wands
 c - a wand of flame (11)
 d - a wand of enslavement (15)
 e - a wand of random effects (14)
Scrolls
 k - a scroll of teleportation {unknown}
 o - a scroll of blinking {unknown}
 p - a scroll of enchant armour {unknown}
 q - a scroll of remove curse {unknown}
Potions
 g - a potion of ambrosia {unknown}
 i - 2 potions of haste {unknown}
 j - a potion of lignification {unknown}
 v - a potion of mutation {unknown}
Comestibles
 f - 3 rations


   Skills:
 + Level 1.6 Fighting
 + Level 1.8 Short Blades
 + Level 1.0 Armour
 + Level 2.4 Dodging
 + Level 1.0 Stealth
 + Level 3.5 Evocations


You had 3 spell levels left.
You didn't know any spells.
Your spell library was empty.

Dungeon Overview and Level Annotations

Branches:
Dungeon (2/15)

Altars:

Annotations:
D:1 exclusion: downstairs
D:2 Sigmund


Message History

Sigmund gestures at you while chanting.
You are confused.
Evoke which item? (* to show all) (? for menu, Esc to quit)
You're too confused!
Sigmund looks at you with fury.
Sigmund hits you from afar with a scythe!
You're too confused to move!
The rat bites Sigmund but does no damage.
Sigmund screams, "Die, monster!"
Sigmund hits you from afar with a scythe.
* * * LOW HITPOINT WARNING * * *
Unknown command.
Evoke which item? (* to show all) (? for menu, Esc to quit)
You're too confused!
You're too confused to move!
The rat barely misses the rat.
Sigmund casts a spell at you. The magic dart hits you!
* * * LOW HITPOINT WARNING * * *
The rat bites you.
You die...

#### #########..
#......##.#
#.####.##@####
#.#.......r..#
#.#.##.##.r.....#
########.#.##.##@##.##.#
..............##hh ...
################.#. ##.#
# #.#.# # # #.# # ## #..


You could see Sigmund, 2 jackals and 2 rats.

Vanquished Creatures
  An adder (D:2)
  2 worms (D:2)
  A dart slug (D:1)
  2 leopard geckos (D:2)
  3 giant cockroaches (D:1)
  2 goblins (D:1)
  6 hobgoblins
  3 bats
  4 frilled lizards
  6 kobolds
  8 rats
38 creatures vanquished.

Notes
Turn   | Place    | Note
-------+----------+-------------------------------------------
     0 | D:1      | H0rd4k the Human Artificer began the quest for the Orb.
     0 | D:1      | Reached XP level 1. HP: 15/15 MP: 3/3
   270 | D:1      | Reached XP level 2. HP: 21/21 MP: 4/4
   560 | D:1      | Reached XP level 3. HP: 15/26 MP: 5/5
  1575 | D:2      | Reached skill level 1 in Armour
  1575 | D:2      | Reached XP level 4. HP: 32/32 MP: 6/6
  1713 | D:2      | Noticed Sigmund
  1720 | D:2      | Slain by a rat

Skill      XL: |  1  2  3 |
---------------+----------+-----
Armour         | 1 |  1.0
Fighting       | |  1.6
Short Blades   | |  1.8
Dodging        | |  2.4
Stealth        | |  1.0
Evocations     | |  3.5

Action                   |  1- 3 |  4- 6 || total
-------------------------+-------+-------++-------
Melee: Short sword       |   128 |     3 ||   131
Evoke: Wand              |     3 |     2 ||     5
 Stab: Sleeping          |     2 |       ||     2
  Eat: Chunk             |     2 |       ||     2
Armor: Leather armour    |    17 |     1 ||    18
Dodge: Dodged            |    74 |     2 ||    76
